 Dungeon Crawl Stone Soup version 0.31-a0-544-gceb718ecc6 (webtiles) character file.

Game seed: 6549641948070194526

112 pascalblue the Digger (level 4, -1/24 HPs)
             Began as a Deep Elf Earth Elementalist on Aug 15, 2023.
             Slain by an iguana (5 damage)
             ... on level 3 of the Dungeon.
             The game lasted 00:06:36 (2256 turns).

pascalblue the Digger (Deep Elf Earth Elementalist) Turns: 2256, Time: 00:06:38

Health: -1/24      AC:  3    Str:  5    XL:     4   Next: 63%
Magic:  8/12       EV: 12    Int: 22    God:
Gold:   89         SH:  0    Dex: 15    Spells: 5/11 levels left

rFire   . . .        k - +6 short sword (elec)
rCold   . . .        (no shield)
rNeg    . . .        a - +0 robe
rPois   .            (no helmet)
rElec   .            (no cloak)
rCorr   .            m - +0 pair of gloves
SInv    .            (no boots)
Will    .....        (no amulet)
Stlth   ++           (no ring)
HPRegen 0.24/turn    (no ring)
MPRegen 0.13/turn

%: no passive effects
@: no status effects
A: no striking features
a: no special abilities


You were on level 3 of the Dungeon.
You visited 1 branch of the dungeon, and saw 3 of its levels.

You collected 89 gold pieces.

Inventory:

Hand Weapons
 k - a +6 short sword of electrocution (weapon)
Missiles
 e - 2 throwing nets
Armour
 a - a +0 robe (worn)
 m - a +0 pair of gloves (worn)
Talismans
 h - a flux talisman
Wands
 l - a wand of flame (37)
Scrolls
 d - a scroll of revelation {unknown}
 f - a scroll of enchant armour {unknown}
 g - a scroll of identify {unknown}
Potions
 b - a potion of magic
 c - a potion of brilliance {unknown}
 i - 2 potions of might {unknown}
 j - a potion of enlightenment {unknown}
 n - a potion of curing {unknown}


   Skills:
 - Level 2.4 Dodging
 - Level 2.4 Stealth
 + Level 4.1 Spellcasting
 * Level 1.3 Conjurations
 - Level 2.1 Transmutations
 + Level 0.5 Air Magic
 + Level 4.7 Earth Magic


You had 5 spell levels left.
You knew the following spells:

 Your Spells              Type           Power      Damage    Failure   Level
a - Sandblast             Erth           50%        2d12      1%          1
b - Stone Arrow           Conj/Erth      34%        3d9       10%         3
c - Static Discharge      Conj/Air       16%        2-3/arc   12%         2

Your spell library contained the following spells:

 Spells                   Type           Power      Damage    Failure   Level
 Passwall                 Tmut/Erth      15%        N/A       4%          2
 Petrify                  Tmut/Erth      19%        N/A       26%         4
 Airstrike                Air            3%         2d(1-17)  65%         4
 Summon Lightning Spire   Summ/Air       5%         N/A       69%         4


Dungeon Overview and Level Annotations

Branches:
Dungeon (3/15)

Altars:


Message History

You now have 89 gold pieces (gained 17).
HP restored.
An iguana and a giant cockroach come into view.
A giant cockroach is nearby!
Casting: Sandblast (safe; 1% risk of failure)
Confirm with . or Enter, or press ? or * to list all spells.
Aiming: Sandblast (safe; 1% risk of failure)
Press: ? - help, Shift-Dir - straight line, f - giant cockroach
Aim: a giant cockroach (asleep, 100% to hit)
The blast of sand hits the giant cockroach!
You kill the giant cockroach!
Casting: Sandblast (safe; 1% risk of failure)
Confirm with . or Enter, or press ? or * to list all spells.
Aiming: Sandblast (safe; 1% risk of failure)
Press: ? - help, Shift-Dir - straight line, f - iguana
Aim: an iguana (85% to hit)
The blast of sand hits the iguana!
The iguana is heavily wounded.
The iguana bites you!
Casting: Sandblast (safe; 1% risk of failure)
Confirm with . or Enter, or press ? or * to list all spells.
Aiming: Sandblast (safe; 1% risk of failure)
Press: ? - help, Shift-Dir - straight line, f/p - iguana
Aim: an iguana (heavily wounded, 85% to hit)
The blast of sand hits the iguana.
The iguana is heavily wounded.
The iguana bites you!
Ouch! That really hurt!
* * * LOW HITPOINT WARNING * * *
The iguana barely misses you.
Unknown command.
Casting: Sandblast (safe; 1% risk of failure)
Confirm with . or Enter, or press ? or * to list all spells.
Aiming: Sandblast (safe; 1% risk of failure)
Press: ? - help, Shift-Dir - straight line, f/p - iguana
Aim: an iguana (heavily wounded, 85% to hit)
The blast of sand hits the iguana.
The iguana is severely wounded.
The iguana bites you.
You die...

..... .. ..# . ...### .
#. .#.##. ...# ..#..
...#.## ...# ..... ....
. .....†#..#.# #...#
.##...#..#.##.. #...###
............... #......
.....#..#.# .....#
#...#.@#.##.#. .....# .
#...#..l...... .....#
..##...#..#.##... .....#
..........#######
†....##.......#.........
.................#...#..
#.#.###.##..............
................†#...#..
..#.#...###.###>........


You could see an iguana.

Vanquished Creatures
  Ijyb (D:3)
  Terence (D:2)
  Robin (D:2)
  4 endoplasms
  4 giant cockroaches
  10 goblins
  9 hobgoblins
  3 kobolds
  3 ball pythons
  4 bats
  A frilled lizard (D:3)
  2 rats
43 creatures vanquished.

Notes
Turn   | Place    | Note
-------+----------+-------------------------------------------
     0 | D:1      | pascalblue the Deep Elf Earth Elementalist began the quest
                  | for the Orb.
     0 | D:1      | Reached XP level 1. HP: 10/10 MP: 6/6
   201 | D:1      | Reached XP level 2. HP: 15/15 MP: 5/8
  1131 | D:2      | Reached XP level 3. HP: 13/19 MP: 1/10
  1488 | D:2      | Noticed Robin
  1503 | D:2      | Killed Robin
  1582 | D:2      | Noticed Terence
  1589 | D:2      | Learned a level 3 spell: Stone Arrow
  1598 | D:2      | Killed Terence
  1599 | D:2      | Reached XP level 4. HP: 4/24 MP: 11/11
  1945 | D:3      | Learned a level 2 spell: Static Discharge
  2168 | D:3      | Noticed Ijyb
  2184 | D:3      | Killed Ijyb
  2185 | D:3      | Reached skill level 1 in Conjurations
  2256 | D:3      | Slain by an iguana

Illustrated notes

Levels and vault maps discovered:
D:1:      wander_arrival_desolate, layout_basic
D:2:      layout_basic, chequers_garden, uniq_robin, uniq_terence
D:3:      layout_basic, lemuel_coloured_pillars_altar, uniq_ijyb

Skill      XL: |  1  2  3  4 |
---------------+-------------+-----
Earth Magic    | 4 |  4.7
Transmutations | 2 |  2.1
Spellcasting   | 4 |  4.1
Conjurations   | 1 |  1.3
Dodging        | |  2.4
Stealth        | |  2.4
Air Magic      | |  0.5

Action                     |  1- 3 |  4- 6 || total
---------------------------+-------+-------++-------
  Melee: Short sword       |     7 |    11 ||    18
         Unarmed           |     1 |       ||     1
   Cast: Sandblast         |    46 |    19 ||    65
 Armour: Robe              |     8 |     1 ||     9
  Dodge: Dodged            |    22 |    16 ||    38

Table legend: (Time is in decaauts)
 A = Elapsed time spent in this place.
 B = Non-inter-level travel time spent in this place.
 C = Inter-level travel time spent in this place.
 D = Time resting spent in this place.
 E = Time spent auto-exploring this place.
 F = Levels seen in this place.
 G = Mean time per level.
                   A        B        C        D        E       F      G
               +--------+--------+--------+--------+--------+-----+--------+
         Total |   2287 |   2252 |     35 |     42 |   1874 |   3 |  762.3 |
       Dungeon |   2287 |   2252 |     35 |     42 |   1874 |   3 |  762.3 |
               +--------+--------+--------+--------+--------+-----+--------+

Top non-repeatable levels by time:
     D:2: 1155 daAuts
     D:1: 786 daAuts
     D:3: 344 daAuts
